Cogmind - Beta 15 @@@ ROGUE MODE // 2025.05.18 @ 17:16:41 Player: QXander Result: Destroyed by EM-U25(j) with Overtuned Pulse Rifle Performance ------------- Evolutions (0) 0 Regions Visited (4) 800 Robots Destroyed (9) 45 Value Destroyed (235) 235 Prototype IDs (0) 0 Alien Tech Used (0) 0 Bonus (788) 788 TOTAL SCORE: 1868 Bonus ------- Registered with UFD 300 Met Optimus in HQ 500 Friendly Fire -12 Cogmind --------- Core Integrity 0/250 Matter 300/300 Energy 99/100 System Corruption 5% Temperature Cool (12) Movement Core (50) Location -9/Scraptown Parts ------- > --- POWER (1) -------- (None) > --- PROPULSION (2) --- (None) > --- UTILITY (2) ------ (None) > --- WEAPON (2) ------- (None) > --- INVENTORY (5) ---- Scrap Suit Mapping Drone Bay (3/3) Peak State ------------ > --- POWER ------------ Improved Ion Engine > --- PROPULSION ------- Armored Leg Armored Leg > --- UTILITY ---------- Medium Storage Unit Mapping Drone Bay > --- WEAPON ----------- Overtuned Coil Gun Ripper > --- INVENTORY -------- Light Deuterium Engine Aluminum Leg Overtuned Titanium Leg Armored Leg Scrap Suit Improved Heat Sink Plasma Cutter [Rating: 31] Favorites ----------- Power Improved Ion Engine Engine Improved Ion Engine Propulsion Aluminum Leg Leg Aluminum Leg Utility Medium Storage Unit Device Subdweller Optics Storage Medium Storage Unit Processor Visual Processing Unit Protection Makeshift Light Armor Plating Weapon Medium Laser Energy Gun Medium Laser Ballistic Gun Assault Rifle Special Weapon Mining Laser Slashing Weapon Ripper Build | -11 -10 -10 -10 -9 ------- Run | Yrd Mat Min Sub Scr Slots Evolved . | . . . . . Power . | . . . . . Propulsion . | . . . . . Utility . | . . . . . Weapon . | . . . . . Parts Attached 27 | 6 5 2 1 13 Power 5 | 1 1 . . 3 Engine 5 | 1 1 . . 3 Core . | . . . . . Reactor . | . . . . . Propulsion 7 | 2 1 1 . 3 Treads . | . . . . . Leg 7 | 2 1 1 . 3 Wheel . | . . . . . Hover . | . . . . . Flight . | . . . . . Utility 8 | 1 3 . 1 3 Device 4 | . 1 . 1 2 Storage 2 | 1 1 . . . Processor 1 | . 1 . . . Hackware . | . . . . . Protection 1 | . . . . 1 Artifact . | . . . . . Weapon 7 | 2 . 1 . 4 Energy Gun 2 | 1 . . . 1 Energy Cannon . | . . . . . Ballistic Gun 3 | 1 . . . 2 Ballistic Cannon . | . . . . . Launcher . | . . . . . Special Weapon 1 | . . 1 . . Impact Weapon . | . . . . . Slashing Weapon 1 | . . . . 1 Piercing Weapon . | . . . . . Special Melee Weapon . | . . . . . Unidentified Prototypes . | . . . . . Parts Lost 1 | . . . . 1 Power 1 | . . . . 1 Propulsion . | . . . . . Utility . | . . . . . Weapon . | . . . . . Highest Loss Streak 1 | . . . . 1 To Critical Strikes . | . . . . . Average Backups 6 | 1 4 5 5 7 Power . | . 1 1 1 . Propulsion 1 | . 1 2 2 2 Utility 1 | . 1 1 1 1 Weapon 2 | . 1 1 1 2 Tool/Special . | . . . . . Unused Backups 17 | . 1 . 1 15 Power 1 | . . . . 1 Propulsion 4 | . . . . 4 Utility 7 | . 1 . . 6 Weapon 2 | . . . . 2 Tool/Special 3 | . . . 1 2 Average Slot Usage (%) 79 | . 94 100 100 71 Engine 13 | . 14 14 14 13 Leg 27 | . 28 28 28 27 Device 11 | . 5 . 7 13 Storage 13 | . 14 14 14 13 Processor 1 | . 2 14 6 . Energy Gun 4 | . 14 14 14 . Ballistic Gun 1 | . 14 3 . . Special Weapon 2 | . . 10 14 . Peak Build Rating 31 | 6 8 8 9 31 Average Rating 11 | 5 6 7 8 13 On Entrance 6 | . 6 8 8 9 Naked Turns 11 | . . . . 11 Heaviest Build 29 | 12 17 17 18 29 Greatest Support 32 | 20 20 20 20 32 Greatest Overweight (x) 2 | 2 . . . 1 Average Overweight (x) . | . . . . . Largest Inventory Capacity 10 | 8 10 10 10 10 Average Capacity 9 | 7 8 10 10 9 Most Carried 10 | 2 8 7 7 10 Average Carried 6 | 1 4 5 5 7 Final Capacity 10 | 8 10 10 10 5 Final Carried 6 | 2 6 5 6 3 Class Distribution -------------------- 98% | Mutant Dominant Class ---------------- Mutant | -10/Materials Mutant | -10/Mines Mutant | -10/Subcaves Mutant | -9/Scraptown Resources | -11 -10 -10 -10 -9 ----------- Run | Yrd Mat Min Sub Scr Matter Collected 721 | 260 88 56 53 264 Remotely . | . . . . . Salvage Created 277 | . 185 56 36 . Parts 17 | . 11 3 3 . Haulers Intercepted . | . . . . . Recyclers Shooed . | . . . . . Parts Field Recycled . | . . . . . Retrieved Matter . | . . . . . Parts Self-Destructed 11 | . . . 11 . Prevented . | . . . . . Kills | -11 -10 -10 -10 -9 ------- Run | Yrd Mat Min Sub Scr Combat Hostiles Destroyed 8 | . 4 3 1 . Guns 8 | . 4 3 1 . Classes Destroyed 4 | . 2 1 1 . Watcher 1 | . 1 . . . Swarmer 3 | . . 3 . . Grunt 4 | . 4 . . . Subdweller 1 | . . . 1 . Best Kill Streak 3 | . 2 3 1 . Combat Bots Only 3 | . 2 3 1 . Max Kills in Single Turn 1 | . 1 1 1 . Gunslinging . | . . . . . Exploded . | . . . . . Melee . | . . . . . Uniques/NPCs Destroyed . | . . . . . Combat | -11 -10 -10 -10 -9 -------- Run | Yrd Mat Min Sub Scr Hostile Shots Fired 97 | . 27 7 9 54 Missed 29 | . 7 1 3 18 Hits 68 | . 20 6 6 36 Melee 4 | . . . . 4 Projectile 64 | . 20 6 6 32 Critical Strikes 3 | . . . 1 2 Damage Taken 1144 | . 219 53 120 752 Core 256 | . 30 . 42 184 Absorbed by Shields . | . . . . . Core Remaining (%) 100 | 100 . . . . Volleys Fired 51 | . 23 5 15 8 Largest 2 | . 2 2 1 2 Hottest 112 | . 70 100 100 112 Shots Fired 78 | . 46 9 16 7 Gun 69 | . 46 7 9 7 Cannon . | . . . . . Launcher . | . . . . . Special 9 | . . 2 7 . Kinetic 33 | . 23 4 . 6 Thermal 45 | . 23 5 16 1 Explosive . | . . . . . Electromagnetic . | . . . . . Robot Hit Streak 8 | . 8 2 8 2 Robot Miss Streak 3 | . 3 2 1 1 Penetration Max . | . . . . . Secondary Targets . | . . . . . Shots Hit Robots 47 | . 30 3 8 6 Core Hits 16 | . 10 3 3 . Critical Kills . | . . . . . Critical Parts Destroyed . | . . . . . Critical Strikes 3 | . 2 . 1 . Burn 3 | . 2 . 1 . Melee Attacks 3 | . . . . 3 Impact . | . . . . . Slashing 3 | . . . . 3 Piercing . | . . . . . Sneak Attacks . | . . . . . Combat Hostiles . | . . . . . Follow-up Attacks . | . . . . . Damage Inflicted 681 | . 378 36 98 169 Guns 620 | . 378 36 98 108 Cannons . | . . . . . Explosions . | . . . . . Melee 61 | . . . . 61 Ramming . | . . . . . Kinetic 300 | . 168 24 . 108 Thermal 320 | . 210 12 98 . Explosive . | . . . . . Electromagnetic . | . . . . . Impact . | . . . . . Slashing 61 | . . . . 61 Piercing . | . . . . . Highest Corruption 5 | . 5 5 5 5 Average Corruption 4 | . 4 5 5 5 Corruption Purged . | . . . . . Corruption Blocked . | . . . . . Effects 103 | . . 4 20 79 Message Errors 28 | . . 1 4 23 Matter Fused 20 | . . 1 4 15 Heat Flow Errors 17 | . . . 5 12 Energy Discharges 12 | . . 1 4 7 Parts Rejected 1 | . . . . 1 Data Loss (minor) 13 | . . . . 13 Data Loss (major) 7 | . . . 2 5 Misfires 2 | . . 1 1 . Alerts 3 | . . . . 3 Overload Shots . | . . . . . Overflow Damage 7 | . . . . 7 Projectiles . | . . . . . Explosions . | . . . . . Melee 7 | . . . . 7 Knockbacks . | . . . . . Impact . | . . . . . Kinetic . | . . . . . Secondary . | . . . . . Self-Inflicted Damage . | . . . . . Shots . | . . . . . Rammed . | . . . . . Targets Rammed . | . . . . . Kicked . | . . . . . Crushed . | . . . . . Highest Temperature 272 | . 156 47 156 272 Average Temperature 85 | . 65 24 70 103 Received Heat Transfer 593 | . 123 . 36 434 Effects 1 | . . . . 1 Interference 1 | . . . . 1 Siege Activations . | . . . . . Martial Activations . | . . . . . Shielding Activations . | . . . . . Robots Disrupted . | . . . . . Combat Hostiles . | . . . . . Robots Corrupted . | . . . . . Combat Hostiles . | . . . . . Parts Fried . | . . . . . Impact Corruptions . | . . . . . Robots Melted . | . . . . . Combat Hostiles . | . . . . . Parts Melted 2 | . 1 . 1 . Heat Transferred 1184 | . 777 37 370 . Parts Sabotaged . | . . . . . Parts Stolen 1 | . . . . 1 Parts Stripped . | . . . . . Power Chain Reactions . | . . . . . Alert | -11 -10 -10 -10 -9 ------- Run | Yrd Mat Min Sub Scr Maximum Alert Level . | . . . . . Low Security (%) 100 | 100 100 100 . . Level 1 . | . . . . . Level 2 . | . . . . . Level 3 . | . . . . . Level 4 . | . . . . . Level 5 . | . . . . . High Security . | . . . . . Max Security . | . . . . . Peak Influence 70 | . 53 70 . . Initial . | . . . . . Average 13 | . 10 47 . . Influence Increases 171 | . 100 71 . . Destroy 0b10 Robot/C 140 | . 80 60 . . Destroy 0b10 Robot/NC 5 | . 5 . . . Destroy Leader 22 | . 12 10 . . Destroy Structure 4 | . 3 1 . . Influence Decreases 171 | . 100 50 21 . Entered New Map 12 | . . . 12 . Time Decay 159 | . 100 50 9 . Squads Dispatched 1 | . 1 . . . Investigation . | . . . . . Extermination . | . . . . . Reinforcement 1 | . 1 . . . Assault . | . . . . . Garrison . | . . . . . Intercept . | . . . . . Searches Triggered . | . . . . . Construction Impeded . | . . . . . Haulers Reinforced . | . . . . . Active Scanning Responses . | . . . . . Cargo Convoy Interrupts . | . . . . . Stealth | -11 -10 -10 -10 -9 --------- Run | Yrd Mat Min Sub Scr Distress Signals . | . . . . . Communications Jammed . | . . . . . Distress Signals . | . . . . . Times Spotted 33 | . 9 3 1 20 Peak Tracking Total 10 | . 4 3 1 10 Tactical Retreats 1 | . . . . 1 Traps | -11 -10 -10 -10 -9 ------- Run | Yrd Mat Min Sub Scr Traps Triggered 3 | . 3 . . . Indirectly . | . . . . . Trap Hack Attempts . | . . . . . Triggered . | . . . . . Disarmed . | . . . . . Reprogrammed . | . . . . . Reused . | . . . . . Traps Extracted . | . . . . . Installed . | . . . . . Triggered . | . . . . . Machines | -11 -10 -10 -10 -9 ---------- Run | Yrd Mat Min Sub Scr Machines Disabled . | . . . . . Max in Single Turn . | . . . . . Machines Repaired . | . . . . . Machines Dismantled . | . . . . . Machines Sabotaged . | . . . . . Overloaded Fab Kills . | . . . . . Hacking | -11 -10 -10 -10 -9 --------- Run | Yrd Mat Min Sub Scr Machines Accessed 9 | . . . . 9 Terminals . | . . . . . Fabricators . | . . . . . Repair Stations . | . . . . . Recycling Units . | . . . . . Scanalyzers . | . . . . . Garrison Access . | . . . . . Total Hacks 72 | . . . . 72 Successful 72 | . . . . 72 Failed . | . . . . . Catastrophic . | . . . . . Database Lockouts . | . . . . . Manual . | . . . . . Terminals . | . . . . . Fabricators . | . . . . . Repair Stations . | . . . . . Recycling Units . | . . . . . Scanalyzers . | . . . . . Garrison Access . | . . . . . Terminal Hacks 72 | . . . . 72 Record 72 | . . . . 72 Fabricator Hacks . | . . . . . Repair Station Hacks . | . . . . . Recycling Unit Hacks . | . . . . . Scanalyzer . | . . . . . Garrison Access Hacks . | . . . . . Unauthorized Hacks . | . . . . . Terminals . | . . . . . Fabricators . | . . . . . Repair Stations . | . . . . . Recycling Units . | . . . . . Scanalyzers . | . . . . . Garrison Access . | . . . . . Data Cores Recovered . | . . . . . Used . | . . . . . Hacking Detections . | . . . . . Full Trace Events . | . . . . . Feedback Events . | . . . . . Feedback Blocked . | . . . . . Robot Schematics Acquired . | . . . . . Robots Built . | . . . . . Authchips . | . . . . . Time . | . . . . . Total Robot Build Rating . | . . . . . Part Schematics Acquired . | . . . . . Parts Built . | . . . . . Authchips . | . . . . . Time . | . . . . . Total Part Build Rating . | . . . . . Parts Repaired . | . . . . . Time . | . . . . . Parts Recycled . | . . . . . Recycled Matter . | . . . . . Retrieved Matter . | . . . . . Retrieved Components . | . . . . . Parts Scanalyzed . | . . . . . Part Schematics Acquired . | . . . . . Parts Damaged . | . . . . . Bothacking | -11 -10 -10 -10 -9 ------------ Run | Yrd Mat Min Sub Scr Used RIF Installer . | . . . . . Robots Hacked . | . . . . . Non-combat . | . . . . . Combat . | . . . . . Robot Hacks Applied . | . . . . . Relay Couplers Released . | . . . . . Fabnet Peak Effective % . | . . . . . Robots Rewired . | . . . . . Allies Hacked . | . . . . . Hacks Repelled . | . . . . . Allies | -11 -10 -10 -10 -9 -------- Run | Yrd Mat Min Sub Scr Total Allies . | . . . . . Largest Group . | . . . . . Highest-Rated Group . | . . . . . Highest-Rated Ally . | . . . . . Total Orders 2 | . . . . 2 EXPLORE 1 | . . . . 1 RETURN 1 | . . . . 1 Ally Attacks . | . . . . . Total Damage . | . . . . . Kills . | . . . . . Allies Corrupted . | . . . . . Allies Melted 4 | . . . . 4 Intel | -11 -10 -10 -10 -9 ------- Run | Yrd Mat Min Sub Scr Active Infowar (turns) 3679 | . 298 102 775 2504 Optics 3480 | . 99 102 775 2504 Terrain 199 | . 199 . . . Robot Analysis Total . | . . . . . Derelict Logs Recovered 2 | . . 1 . 1 Drone Launches 3 | . . . . 3 Drone Recoveries 3 | . . . . 3 Exploration | -11 -10 -10 -10 -9 ------------- Run | Yrd Mat Min Sub Scr Turns Passed 5019 | 170 448 102 775 3524 Spaces Moved 3937 | 73 303 67 606 2888 Core 30 | 10 . . . 20 Treads . | . . . . . Legs 3907 | 63 303 67 606 2868 Wheels . | . . . . . Hover . | . . . . . Flight . | . . . . . Fastest Speed 50 | 50 120 120 120 50 Average Speed 119 | 119 120 120 120 119 Slowest Speed 190 | 150 120 120 120 190 Overloaded Moves . | . . . . . Propulsion Burnouts . | . . . . . Robots Hopped . | . . . . . Potential Cave-ins . | . . . . . Cave-ins Triggered . | . . . . . Exploration Rate (%) 36 | 5 39 18 23 95 Regions Visited 4 Branch Regions 3 Pre-discovered Areas 1 | . . . . 1 Known Exits Taken . | . . . . . Unknown Exits Taken 4 | 1 1 1 1 . Scrap Searched 7 | . . . 3 4 Spaces Dug 1 | . . 1 . . Terrain Destroyed 1 | . . 1 . . Melee . | . . . . . Projectile 1 | . . 1 . . AOE . | . . . . . Terrain Rammed . | . . . . . Walls Destroyed . | . . . . . Machines Disabled . | . . . . . Actions | -11 -10 -10 -10 -9 --------- Run | Yrd Mat Min Sub Scr Total 4156 | 153 341 77 625 2960 Wait 74 | 73 . . . 1 Move 3933 | 72 302 66 605 2888 Hop . | . . . . . Pick Up 30 | 2 7 1 3 17 Fast Attach 10 | 6 1 . . 3 Attach 9 | . 1 1 . 7 Detach 8 | . . 1 . 7 Swap 8 | . 3 1 1 3 Drop 29 | . 4 2 1 22 Fire 51 | . 23 5 15 8 Melee 3 | . . . . 3 Ram . | . . . . . Kick . | . . . . . Crush . | . . . . . Escape Stasis . | . . . . . Rewire 1 | . . . . 1 Trap . | . . . . . Miscellaneous . | . . . . . Route ------- -11/Scrapyard -10/Materials -10/Mines (discovered 2 exits: [*Mat] / [*Sub]) -10/Subcaves -9/Scraptown (discovered 2 exits: [*Fac x2]) History --------- Turn | Location | Event 10 | -11/Scrapyard | Discovered new exit (range 15) 171 | -11/Scrapyard | Entered Materials 305 | -10/Materials | Build established: Mutant 600 | -10/Materials | Discovered new exit (range 8) 619 | -10/Materials | Entered Mines 643 | -10/Mines | Met a Derelict bent on vengeance 662 | -10/Mines | Learned Materials interactive machine intel 675 | -10/Mines | Discovered new exit (range 10) 685 | -10/Mines | Discovered new exit (range 12) 721 | -10/Mines | Entered Subcaves 722 | -10/Subcaves | Approached by a straggling Scientist 1309 | -10/Subcaves | Scientist uncovered a shortcut to Scraptown 1496 | -10/Subcaves | Entered Scraptown 2188 | -9/Scraptown | Discovered new exit (range 3) 2295 | -9/Scraptown | Scanned Subdweller tech in exchange for log data 2300 | -9/Scraptown | Learned location of Zion (-6) 2360 | -9/Scraptown | Visited Cave Peace 2430 | -9/Scraptown | Visited Shadow of the Wyrm 2492 | -9/Scraptown | Visited TADAMA 2546 | -9/Scraptown | Visited UFD Registry 2548 | -9/Scraptown | Registered with UFD as "Gravmod" 2831 | -9/Scraptown | Visited Red Mages 2964 | -9/Scraptown | Visited Cyclists 2990 | -9/Scraptown | Entered Cyclist Reading Room 3109 | -9/Scraptown | Visited Observation Area 3346 | -9/Scraptown | Visited Supply Room 3412 | -9/Scraptown | Visited Junk Cannon Lab 3481 | -9/Scraptown | Visited Junk Repository 3970 | -9/Scraptown | Visited DA-N13 Charitable Foundation 4016 | -9/Scraptown | Visited Scrapoid Research Area 4082 | -9/Scraptown | Visited Modified Component R&D 4150 | -9/Scraptown | Visited Junk Repository 4212 | -9/Scraptown | Visited Scrapoid Pod Storage 4270 | -9/Scraptown | Visited Cartography Club 4425 | -9/Scraptown | Discovered new exit (range 42) 4713 | -9/Scraptown | Met Optimus 4713 | -9/Scraptown | Accepted into 0bPrime 4826 | -9/Scraptown | Civil war broke out across Scraptown 4844 | -9/Scraptown | Found Scrap Suit 4871 | -9/Scraptown | Core integrity fell below 50% 4912 | -9/Scraptown | Lost 4 allies 4986 | -9/Scraptown | Core integrity fell below 20% 4996 | -9/Scraptown | Optimus destroyed in the chaos of civil war 5009 | -9/Scraptown | Released all parts (7) 5020 | -9/Scraptown | Destroyed by EM-U25(j) with Overtuned Pulse Rifle Last Messages --------------- UD-EXM(j) switches sides. UD-EXM(j) destroyed. Lgt. Deuterium Engine destroyed. Acquired 10 matter. O9-LPA(E) cannibalizes Scrap Suit to repair Mak. Microdissipator Network. ANNOUNCEMENT: The traitor Optimus has been dealt with. Put down any remaining collaborators. O9-LPA(E) destroyed. Ovr. Pulse Rifle recovered from malfunction. Released Ovr. Pulse Rifle. Released Mak. Light Armor Plating. Released Arm. Leg. Released Med. Storage Unit. Released Arm. Leg. Released Lgt. Deuterium Engine. Released Gauss Rifle. Dropped Ovr. Titanium Leg. Dropped Imp. Heat Sink. 27-6QN(j) destroyed. Map ----- +----------------------------------------------------+ | ????############??####!# # #? ## """###### | | ##??# ####??## # ## #### ### "###### | | #??# #???#??# ### ?# ###""""""""###### | | ##?# """"" ##?#?### ####X# ################# | | "#?# """"" ######?# ## #### # ### """""""###!!# | | #?# """"" ##?##### # # ##" ! "###!!# | | #?# ##?#???######=# ######" "###/ # | | #?# ##???### !%/ ##" "### | | #?# ###???## ##" "### | | #?# #??#?######""" "########## ######### | | ########### ####?###?####;;; "########## ######### | | #?#??#?## """""""""" """""" "" | | ##??##??# | | #??###??# | | #?#####?# ==[ | | ###??#?## =![=! [= | | ###### #???#####" =[ = *!= !%* | | ?????# #####"""" !%!%""""""""""""""""" " | | ###### #??##"""" != ["""""""""""""""""""" | | #""" # #???#"""" % ""###### ########## | | # #?#?#"""" =%* "# ##### | | # ##?##"""" "# X"#### | | # # ###"#"""" # "" "" ##### | | # # ""#"#"""" # "" "" X"#### | | # # """"#"""" "# " " ##### | | # # ""#######"@! " "" [!!!=% | | # # ###?#?###"=%[ = " "" !%[ *! | | # # #########" = % "# " " ##### | | #"X" # = "# "" "" ""#### | | ###### "# "" "" ##### | | ##?### "# X"###? | | ##?### "# ####? | | ###### %! ! "###### ########## | | =[%! [%! /["=""""""""""""""""" | | ! ! [==%[""""""""""""""""" | | [ %=! !!/% %! | | %!!%! [%!!%& | | *[[= =!!!!! | | #""""#" j = | | #"""?#" [%= % | | #"?"?#" "" """"""""" """"""" | | # ########## ####"??"####### ########### ####### | | # #?##"??"##" "#### ## | | "# #?#?"????#" ""#### ## | | " ""# ###?"?""##""! !!"##?# ## | | " ""# ####?"?"?#""! !!"##?#""" |"###"### | | " ""# ##??""""?#"!!!!=="##?#" "# ?# | | " ""# ##??"?""?#"""!!=""##?#"" "# ?? ## | | " " " ""# #?##?"?"?##########??#"" "#? ???# | | """""X"""""# ###?""""#??##???#????#"" "#??? ?# | +----------------------------------------------------+ Best States ------------- Heat Dissipation 39 Energy Generation 14 Energy Capacity 265 Matter Stores 300 Matter Capacity 300 Sight Range 21 Terrain Scan Range 14 Terrain Scan Density 10 Armor Coverage 100 Evasion (%) 55 Item Schematics ----------------- None Robot Schematics ------------------ None Fabricated ------------ Nothing Repaired ---------- Nothing Alien Tech Used ----------------- None Achievements -------------- None Challenges ------------ None Game ------ Seed ReflexAssaultComputer Manual? 0 Play Time 00:56:13 Cumulative 17.4 hours Start 2025.05.18 @ 16:10:31 End 2025.05.18 @ 17:16:41 Sessions 1 Manual Loads 0 Difficulty Rogue Special Mode None Game No. 21 Rogue 21 Adventurer 0 Explorer 0 Win Type - Total 0 Types 0/0/0/0/0/0/0/0/0/0 Lore% 18 Gallery% 20 Achievement% 17 Wizard Run 0 Options --------- Layout 1 ASCII 0 Keyboard 1 Movement Arrows Keybinds 0 Fullscreen 1 Font 24/Smallcaps Map View 50x35 Zoom Use 0% Tactical HUD 0 Map Filters NONE Filters NONE Steam 1 RUN: a8deecfe-8867-4b80-bf4a-f66cd64081e1